AoeStats
← VL Arcenick

MegaRandom

510242280Analyzed
4v4 RM · 2d ago on Sep 30, 2026· 52m 57s· 8 players
Game mode
Random Map
Map size
Large (8 player)
Population
200
Speed
Normal
Resources
Standard
Victory
Conquest
Starting age
Dark Age
Ending age
Imperial Age
RankedLock teamsTeams togetherTeam positionsShared explorationLock speedFull tech treeHidden civsTurbo modeCheats
Victory
Defeat
🇨🇳 Maya · China
1725
+7
🇻🇳 Franks · Vietnam
1661
+9
🇲🇽 Magyars · Mexico
1655
+9
🇨🇳 Danes · China
1568
+12
1536
-11
🇲🇽 Magyars · Mexico
1519
-10
🇨🇴 Ethiopians · Colombia
1492
-9
🇲🇽 Saxons · Mexico
1428
-7
EL MAYA
4:37 Loom
13:43 Feudal Age
16:51 Scale Barding Armor
20:27 Bloodlines
24:07 Castle Age
24:10 Light Cavalry
25:40 Chain Barding Armor
31:00 Wheelbarrow
32:16 Hand Cart
33:02 Double-Bit Axe
34:55 Horse Collar
35:30 Bow Saw
36:08 Heavy Plow
36:14 Gold Mining
44:13 Imperial Age
42:32 Gold Shaft Mining
42:47 Fletching
42:57 Padded Archer Armor
43:21 Husbandry
43:39 Bodkin Arrow
45:51 Parthian Tactics
48:35 Two-Man Saw
48:09 Crop Rotation
48:54 Bracer
49:26 Thumb Ring
50:22 Ballistics
51:03 Chemistry
51:03 Leather Archer Armor
52:05 Plate Barding Armor
52:20 Hussar
53:46 Ring Archer Armor
53:25 Recurve Bow
Snow_Boss
13:14 Feudal Age
13:16 Man-at-Arms
13:51 Double-Bit Axe
15:18 Horse Collar
16:03 Arson
23:21 Castle Age
24:00 Scale Mail Armor
24:10 Forging
24:29 Bow Saw
25:05 Fletching
25:38 Squires
25:54 Chain Mail Armor
26:10 Fletching
26:28 Heavy Plow
28:31 Bodkin Arrow
31:33 Wheelbarrow
33:29 Iron Casting
32:57 Loom
33:28 Caravan
40:40 Imperial Age
38:26 Hand Cart
40:41 Elite Varangian Guard
41:52 Plate Mail Armor
42:22 Blast Furnace
42:28 Chemistry
41:44 Bracer
42:02 Onager
43:16 Elite Longship
46:37 Coinage
45:56 Siege Onager
48:25 Siege Engineers
50:42 Banking
50:45 Northmen's Fury
51:31 Town Watch
52:07 Ballistics
jiraiona
4:23 Loom
13:28 Feudal Age
14:21 Double-Bit Axe
17:18 Fletching
22:28 Padded Archer Armor
25:46 Castle Age
30:48 Bodkin Arrow
33:06 Man-at-Arms
38:06 Horse Collar
39:11 Bow Saw
41:14 Wheelbarrow
41:40 Town Watch
42:48 Stone Mining
42:48 Gold Mining
44:22 Heavy Plow
47:54 Imperial Age
45:51 Caravan
46:03 Scale Mail Armor
46:13 Forging
46:43 Squires
47:16 Hand Cart
47:16 Clinker Construction
47:12 Arson
46:48 Eagle Warrior
47:44 Chain Mail Armor
47:53 Town Patrol
48:29 Iron Casting
49:30 Stone Shaft Mining
48:29 Onager
50:17 Plate Mail Armor
50:31 Conscription
49:50 Elite Eagle Warrior
51:39 Holcans
52:14 Blast Furnace
ZiZi
5:32 Loom
15:06 Feudal Age
18:47 Castle Age
17:09 Double-Bit Axe
20:12 Forging
20:07 Scale Mail Armor
53:32 Bow Saw
VL La Parca (Red Paladin)
6:00 Loom
15:37 Feudal Age
18:17 Wheelbarrow
20:25 Castle Age
19:50 Gold Mining
19:53 Stone Mining
23:34 Hand Cart
24:21 Scale Barding Armor
25:22 Forging
29:10 Double-Bit Axe
32:27 Hand Cart
33:16 Fletching
35:09 Bloodlines
34:59 Husbandry
36:03 Horse Collar
36:22 Gold Mining
37:11 Stone Shaft Mining
40:48 Imperial Age
39:44 Heavy Plow
41:20 Bow Saw
42:42 Chain Barding Armor
43:00 Iron Casting
44:37 Chemistry
44:16 Light Cavalry
46:48 Elite Leitis
47:55 Conscription
49:34 Winged Hussar
52:05 Town Watch
VL Mick 💀
5:27 Loom
16:23 Feudal Age
20:48 Castle Age
18:58 Fletching
19:25 Double-Bit Axe
20:18 Padded Archer Armor
21:29 Bodkin Arrow
21:32 Crossbowman
22:31 Horse Collar
25:42 Thumb Ring
26:21 Wheelbarrow
27:03 Ballistics
28:23 Bow Saw
31:14 Heavy Plow
34:52 Hand Cart
35:10 Stone Mining
35:15 Gold Mining
38:31 Gold Shaft Mining
41:52 Imperial Age
39:23 Scale Mail Armor
41:02 Chain Mail Armor
40:27 Pikeman
42:21 Forging
42:51 Squires
43:26 Plate Mail Armor
44:56 Iron Casting
46:18 Two-Man Saw
47:06 Crop Rotation
VL Arcenick
15:03 Feudal Age
15:50 Double-Bit Axe
19:25 Fletching
19:35 Padded Archer Armor
24:03 Castle Age
21:53 Horse Collar
24:10 Crossbowman
24:45 Bodkin Arrow
29:31 Loom
30:22 Wheelbarrow
30:05 Thumb Ring
30:43 Town Watch
31:37 Gold Mining
40:21 Imperial Age
38:56 Ballistics
41:16 Siege Engineers
42:14 Chemistry
44:30 Hand Cart
48:35 Elite Skirmisher
VL Le_Manch
6:50 Loom
14:32 Feudal Age
17:05 Town Watch
26:58 Double-Bit Axe
28:26 Horse Collar
32:50 Wheelbarrow
37:50 Castle Age
41:02 Bow Saw
42:19 Hand Cart
Connection lost

Rejoining the realm…

Still unreachable

The connection could not be restored.

Session expired

The server has moved on; the page needs a fresh start.